 Dungeon Crawl Stone Soup version 0.30.1-11-g7821555f0a (webtiles) character file.

Game seed: 312808246543115809

2790 hawla the Cruncher (level 9, -1/54 (58) HPs)
             Began as a Demonspawn Fire Elementalist on Jan 5, 2024.
             Slain by a wight
             ... wielding a +3 flail
              (3 damage)
             ... on level 6 of the Dungeon on Jan 8, 2024.
             The game lasted 00:18:45 (4848 turns).

hawla the Cruncher (Demonspawn Fire Elementalist)   Turns: 4848, Time: 00:18:46

HP:   -1/54 (58)    AC:  7    Str:  9    XL:     9   Next: 43%
MP:   2/15          EV: 12    Int: 20    God:
Gold: 342           SH:  0    Dex: 14    Spells: 9/16 levels left

rFire   + . .        s - staff of fire
rCold   . . .        (no shield)
rNeg    . . .        a - +1 robe
rPois   .            (no helmet)
rElec   .            (no cloak)
rCorr   .            (no gloves)
SInv    .            (no boots)
Will    .....        (no amulet)
Stlth   ++           f - +4 ring of protection
HPRegen 0.29/turn    (no ring)
MPRegen 0.28/turn

%: no passive effects
@: drained
A: hooves 1, magic regeneration, demonic magic 2, weakness stinger 1
a: no special abilities


You were on level 6 of the Dungeon.
You visited 2 branches of the dungeon, and saw 7 of its levels.
You also visited: Sewer.

You collected 402 gold pieces.
You spent 60 gold pieces at shops.

Inventory:

Armour
 a - a +1 robe (worn)
Magical Staves
 s - a staff of fire (weapon)
Jewellery
 f - a +4 ring of protection (left hand)
 t - an amulet of guardian spirit
Wands
 r - a wand of paralysis (9) (quivered)
 y - a wand of flame (19)
Scrolls
 b - a scroll of enchant weapon {unknown}
 e - a scroll of fog {unknown}
 i - 3 scrolls of enchant armour
 j - 3 scrolls of teleportation
 n - a scroll of immolation {unknown}
 p - 4 scrolls of identify
 q - a scroll of torment {unknown}
 w - a scroll of vulnerability {unknown}
 z - a scroll of poison {unknown}
Potions
 d - 3 potions of flight {unknown}
 g - 2 potions of lignification
 h - a potion of berserk rage {unknown}
 l - 2 potions of heal wounds {unknown}
 m - 2 potions of cancellation {unknown}
 o - 2 potions of haste
 u - a potion of brilliance {unknown}
 v - 2 potions of attraction {unknown}
 x - a potion of mutation {unknown}


   Skills:
 - Level 0.3 Fighting
 + Level 9.0 Staves
 - Level 2.1 Dodging
 - Level 2.1 Stealth
 - Level 4.1 Spellcasting
 - Level 4.4 Conjurations
 - Level 4.9 Fire Magic
 - Level 3.0 Evocations


You had 9 spell levels left.
You knew the following spells:

 Your Spells              Type           Power      Damage    Failure   Level
a - Foxfire               Conj/Fire      100%       2x1d9     1%          1
b - Scorch                Fire           70%        2d8       2%          2
c - Flame Wave            Conj/Fire      34%        2d10      19%         4

Your spell library contained the following spells:

 Spells                   Type           Power      Damage    Failure   Level
 Beastly Appendage        Tmut           8%         N/A       13%         1
 Necrotise                Necr           16%        1d4       13%         1
 Inner Flame              Hex/Fire       21%        N/A       14%         3
 Volatile Blastmotes      Fire/Tloc      42%        2d13      14%         3
 Wereblood                Tmut           4%         N/A       19%         2
 Spider Form              Tmut/Pois      4%         N/A       36%         3
 Vampiric Draining        Necr           4%         2d6       36%         3
 Agony                    Necr           4%         N/A       98%         5


Dungeon Overview and Level Annotations

Branches:
Dungeon (6/15)             Temple (1/1) D:4           Sewer (visited)

Altars:
Ashenzari
Cheibriados
Dithmenos
Fedhas
Gozag
Hepliaklqana
Kikubaaqudgha
Nemelex Xobeh
Qazlal
Ru
Sif Muna
Trog
Wu Jian
Xom
Yredelemnul

Shops:
D:2 :(?[(   D:3 :


Innate Abilities, Weirdness & Mutations

You have large cloven feet.
You regenerate magic rapidly.
Spells you cast may paralyse nearby enemies.
You have a small tail.


Message History

Casting: Flame Wave (quite dangerous; 19% risk of failure)
Press: ? - help, Dir - look around, f - activate You feel a surge of power!
A wave of flame ripples out!
The flame wave engulfs the wight.
The wight is moderately damaged. (Press . to intensify the flame waves.) Malevolent energies surge around you.
The wight suddenly stops moving!
The helpless wight fails to defend itself.
You hit the wight.
The wight is heavily damaged.
The helpless wight fails to defend itself.
You hit the wight but do no damage. You tail-slap the wight.
The wight is heavily damaged.
The helpless wight fails to defend itself.
You hit the wight but do no damage.
You tail-slap the wight, but do no damage.
The wight is heavily damaged.
The helpless wight fails to defend itself.
You hit the wight but do no damage. You kick the wight, but do no damage.
The wight is heavily damaged.
The wight is no longer paralysed.
You hit the wight but do no damage.
The wight is heavily damaged.
You hit the wight but do no damage. You burn the wight.
Your kick misses the wight.
The wight is almost destroyed.
The wight hits you with a +3 flail!
The wight hits you with a +0 long sword!
* * * LOW HITPOINT WARNING * * *
Unknown command.
You feel better. The wight hits you with a +3 flail.
* * * LOW HITPOINT WARNING * * *
The wight hits you with a +0 long sword!
* * * LOW HITPOINT WARNING * * *
You feel drained.
* * * LOW HITPOINT WARNING * * *
You feel better. The wight hits you with a +3 flail!
* * * LOW HITPOINT WARNING * * *
You feel drained.
You die...

..........8. .. ...
###.....#.... ..##.#
#.......#8... .#
.$..####.###.#####.# ..
........#.....#..(. .##.
#......#.#.#.#....
.....##.........#.......
......zz.....#.#.#.#...)
##@†....#.....#....
#......###.#####)#
#............#....
#########.#..#....
#.#....... #.#..#..).
#.#..#.... ....###.# ..
...


You could see 2 wights.

Vanquished Creatures
  A two-headed ogre (D:6)
  Grinder (D:3)
  A hornet (D:5)
  Menkaure (D:6)
  Edmund (D:6)
  2 black bears
  2 orc warriors
  An ice beast (D:5)
  2 ogres (D:5)
  A phantom (D:5)
  2 bullfrogs (Sewer)
  A scorpion (D:6)
  3 wights (D:6)
  A howler monkey (D:5)
  An orc priest (D:4)
  3 hounds
  A jelly (D:4)
  2 iguanas
  A sleepcap (D:5)
  3 gnolls (D:5)
  11 adders
  2 white imps (D:6)
  2 worms (D:3)
  3 dart slugs
  21 orcs
  15 endoplasms
  13 giant cockroaches
  7 goblins
  7 hobgoblins
  3 kobolds
  14 quokkas
  17 ball pythons
  2 bats (D:1)
  7 frilled lizards
  3 rats
  A spectral orc (D:5)
159 creatures vanquished.

Vanquished Creatures (others)
  287 foxfires
287 creatures vanquished.

Grand Total: 446 creatures vanquished

Notes
Turn   | Place    | Note
-------+----------+-------------------------------------------
     0 | D:1      | hawla the Demonspawn Fire Elementalist began the quest for
                  | the Orb.
     0 | D:1      | Reached XP level 1. HP: 13/13 MP: 3/3
   304 | D:1      | Gained mutation: You regenerate magic rapidly. [demonic
                  | ancestry]
   304 | D:1      | Reached XP level 2. HP: 19/19 MP: 0/5
   800 | D:2      | Found Lirchouf's Weapon Shop.
   800 | D:2      | Noticed a +0 bardiche
   800 | D:2      | Noticed a +0 rapier
   874 | D:2      | Learned a level 2 spell: Scorch
   934 | D:2      | Reached XP level 3. HP: 15/24 MP: 3/6
  1082 | D:2      | Found Haaskeriuc's Magic Scroll Shoppe.
  1096 | D:2      | Bought a scroll of teleportation for 36 gold pieces
  1110 | D:2      | Bought a scroll of identify for 24 gold pieces
  1114 | D:2      | Found Gugoz's Antique Armour Shoppe.
  1283 | D:2      | Found Wiatzaw's Antique Weapon Shop.
  1437 | D:2      | Found Tokhup's Book Shoppe.
  1663 | D:3      | Found a glowing drain.
  1677 | Sewer    | Entered a sewer
  1769 | Sewer    | Reached XP level 4. HP: 30/30 MP: 5/8
  1774 | Sewer    | Learned a level 4 spell: Flame Wave
  2007 | Sewer    | Noticed a bullfrog
  2007 | Sewer    | Noticed a bullfrog
  2012 | Sewer    | Killed a bullfrog
  2013 | Sewer    | Reached XP level 5. HP: 35/35 MP: 0/9
  2160 | D:3      | Noticed Grinder
  2167 | D:3      | Killed Grinder
  2168 | D:3      | Discovered your monstrous ancestry.
  2168 | D:3      | Gained mutation: You have a small tail. [demonic ancestry]
  2168 | D:3      | Reached XP level 6. HP: 29/41 MP: 1/11
  2560 | D:3      | Found a sparkling altar of Nemelex Xobeh.
  2712 | D:3      | Found Udil's Book Boutique.
  2980 | D:4      | Gained mutation: You have large cloven feet. [demonic
                  | ancestry]
  2980 | D:4      | Reached XP level 7. HP: 47/47 MP: 10/12
  3354 | D:4      | Found a bloodstained altar of Trog.
  3379 | D:4      | Found an opulent altar of Gozag.
  3576 | D:4      | Found a staircase to the Ecumenical Temple.
  3611 | Temple   | Entered the Ecumenical Temple
  3799 | D:5      | Entered Level 5 of the Dungeon
  3832 | D:5      | Noticed a hornet
  3841 | D:5      | Killed a hornet
  3842 | D:5      | Reached skill level 2 in Staves
  3906 | D:5      | Found a large runed translucent door.
  3914 | D:5      | Found a large runed translucent door.
  3945 | D:5      | Found a faded altar of an unknown god.
  3945 | D:5      | Found a faded altar of an unknown god.
  4000 | D:5      | Found a hazy altar of Hepliaklqana.
  4035 | D:5      | Reached skill level 3 in Staves
  4035 | D:5      | Gained mutation: Spells you cast may paralyse adjacent
                  | enemies. [demonic ancestry]
  4035 | D:5      | Reached XP level 8. HP: 52/53 MP: 2/14
  4097 | D:5      | Found a basalt altar of Yredelemnul.
  4249 | D:5      | Reached skill level 4 in Staves
  4391 | D:5      | Reached skill level 5 in Staves
  4535 | D:5      | Found a shadowy altar of Dithmenos.
  4538 | D:5      | Found a shimmering altar of Xom.
  4556 | D:6      | Noticed Edmund
  4563 | D:6      | Killed Edmund
  4564 | D:6      | Reached skill level 6 in Staves
  4606 | D:6      | Noticed Menkaure
  4609 | D:6      | Killed Menkaure
  4710 | D:6      | Noticed a two-headed ogre
  4718 | D:6      | Reached skill level 7 in Staves
  4727 | D:6      | Killed a two-headed ogre
  4728 | D:6      | Reached skill level 8 in Staves
  4728 | D:6      | Gained mutation: Spells you cast may paralyse nearby
                  | enemies. [demonic ancestry]
  4728 | D:6      | Reached XP level 9. HP: 52/58 MP: 4/15
  4840 | D:6      | Reached skill level 9 in Staves
  4847 | D:6      | HP: 2/56 [wight/+0 long sword (2)]
  4848 | D:6      | Slain by a wight

Illustrated notes

Levels and vault maps discovered:
D:1:      ncdulo_smallfort, layout_basic, dreamdust_princess_bridge
D:2:      layout_basic, serial_shops, nicolae_shop_mannequins, shop, shop,
          nicolae_shop_statue_plus, shop
D:3:      layout_loops_ring, nemelex_xobeh_ov_fountains_minmay,
          cheibrodos_sewer_entry_bend, serial_shops,
          nicolae_shop_tiny_real_fake_doors, uniq_grinder
D:4:      layout_loops_cross, jmf_multi_god_temple, minmay_temple_entry_glass
D:5:      layout_rooms, yredelemnul_forgotten_temple_becter,
          nicolae_hepliaklqana_ecumenical_no_more, jmf_multi_god_temple2
D:6:      layout_basic, mainiacjoe_overflow_catch_the_wave, serial_corexii_hall,
          corexii_hall_statues_x, corexii_hall_statues_s,
          minmay_chambers_of_fives, uniq_edmund, uniq_menkaure, uniq_pikel
Temple:   zaba_magenta_temple

Skill      XL: |  1  2  3  4  5  6  7  8  9 |
---------------+----------------------------+-----
Stealth        | 2 |  2.1
Fire Magic     | 3 4 |  4.9
Conjurations   | 3 4 |  4.4
Spellcasting   | 3 4 |  4.1
Dodging        | 2 |  2.1
Staves         | 3 8 9 |  9.0
Evocations     | 3 |  3.0
Fighting       | |  0.3

Action                     |  1- 3 |  4- 6 |  7- 9 || total
---------------------------+-------+-------+-------++-------
  Melee: Unarmed           |    33 |     4 |    10 ||    47
         Punch             |     2 |       |     1 ||     3
         Staff             |       |       |    29 ||    29
         Kick              |       |       |    14 ||    14
         Tailslap          |       |       |    11 ||    11
   Cast: Foxfire           |    63 |    58 |    49 ||   170
         Scorch            |     3 |    14 |    51 ||    68
         Flame Wave        |       |       |    10 ||    10
    Use: Scroll            |     4 |     2 |     1 ||     7
         Potion            |       |       |     3 ||     3
   Stab: Paralysed         |       |       |    10 ||    10
 Armour: Robe              |    11 |     6 |    18 ||    35
  Dodge: Dodged            |    28 |    17 |    27 ||    72
